 Dungeon Crawl Stone Soup version 0.28-a0-1387-g3a22ab9bdc (webtiles) character file.

Game seed: 4089654359341606968

752 ragingrage the Chopper (level 7, -4/44 HPs)
             Began as a Gargoyle Artificer on Jan 2, 2022.
             Slain by an ogre (11 damage)
             ... on level 6 of the Dungeon.
             The game lasted 00:12:23 (6313 turns).

ragingrage the Chopper (Gargoyle Artificer)         Turns: 6313, Time: 00:12:24

Health: -4/44      AC: 18    Str: 18    XL:     7   Next: 78%
Magic:  7/7        EV:  9    Int: 11    God:
Gold:   49         SH:  0    Dex: 14    Spells: 6/6 levels left

rFire   x . .      SeeInvis +   z - +2 broad axe of Division {freeze, Fragile rN+++ Dex+4 SInv}
rCold   + + .      Faith    .   (no shield)
rNeg    + + +      Spirit   .   s - +0 ice dragon scales
rPois   ∞          Reflect  .   (no helmet)
rElec   +          Harm     .   (no cloak)
rCorr   .          Rampage  .   h - +0 pair of gloves
Will    .....                   y - +2 pair of boots
Stlth   ..........              (no amulet)
HPRegen 0.14/turn               (no ring)
MPRegen 0.10/turn               (no ring)

@: studying Conjurations
A: sickness immunity, AC +4, negative energy resistance 1, electricity
resistance, torment resistance 1, petrification resistance
a: no special abilities


You were on level 6 of the Dungeon.
You visited 2 branches of the dungeon, and saw 7 of its levels.

You collected 274 gold pieces.
You spent 225 gold pieces at shops.

Inventory:

Hand Weapons
 z - the +2 broad axe of Division (weapon) {freeze, Fragile rN+++ Dex+4 SInv}
   (You bought it in a shop on level 4 of the Dungeon)

   It freezes those it strikes, dealing additional cold damage.
   It can also slow down cold-blooded creatures.
   Dex:       It affects your dexterity (+4).
   rN:        It renders you almost immune to negative energy.
   SInv:      It lets you see invisible.
   Fragile:   It will be destroyed if unequipped.
Missiles
 j - 33 poisoned darts (quivered)
 l - 8 javelins
 w - 5 silver boomerangs
Armour
 b - a +0 leather armour
 h - a +0 pair of gloves (worn)
 s - +0 ice dragon scales (worn)
 y - a +2 pair of boots (worn)
Wands
 c - a wand of flame (10)
 d - a wand of charming (9)
Scrolls
 a - a scroll of holy word {unknown}
 g - 4 scrolls of identify {unknown}
 n - a scroll of fear {unknown}
 o - 2 scrolls of amnesia {unknown}
 q - a scroll of fog {unknown}
 r - a scroll of teleportation {unknown}
 t - a scroll of immolation {unknown}
Potions
 f - a potion of flight {unknown}
 i - 2 potions of curing {unknown}
 k - a potion of mutation {unknown}
 m - a potion of might {unknown}
 p - a potion of lignification {unknown}
 u - a potion of attraction {unknown}
 v - a potion of ambrosia {unknown}
 x - a potion of heal wounds {unknown}
Miscellaneous
 e - a piece from Xom's chessboard (15/15)


   Skills:
 - Level 4.9 Fighting
 + Level 5.4 Axes
 - Level 2.1 Armour
 - Level 0.7 Dodging
 - Level 1.1 Stealth
 - Level 4.1 Evocations


You had 6 spell levels left.
You didn't know any spells.
Your spell library contained the following spells:

 Spells                   Type           Power      Damage    Failure   Level
 Animate Skeleton         Necr           0%         N/A       82%         1
 Apportation              Tloc           0%         N/A       82%         1
 Beastly Appendage        Tmut           0%         N/A       82%         1
 Summon Small Mammal      Summ           0%         N/A       82%         1
 Passwall                 Tmut/Erth      0%         N/A       91%         2
 Wereblood                Tmut           0%         N/A       91%         2
 Call Canine Familiar     Summ           0%         N/A       99%         3
 Spider Form              Tmut/Pois      0%         N/A       99%         3
 Summon Guardian Golem    Hex/Summ       0%         N/A       99%         3
 Swiftness                Air            0%         N/A       99%         3


Dungeon Overview and Level Annotations

Branches:
Dungeon (6/15)             Temple (1/1) D:4

Altars:
Ashenzari
Cheibriados
Dithmenos
Fedhas
Hepliaklqana
Nemelex Xobeh
Okawaru
Qazlal
Ru
Trog
Uskayaw
Vehumet
Xom
Yredelemnul
Zin
The Shining One

Shops:
D:4 *   D:6 *


Innate Abilities, Weirdness & Mutations

You are immune to sickness and miasma.
Your stone body is resilient. (AC +4)
You are immune to poison.
You resist negative energy. (rN+)
You are resistant to electric shocks. (rElec)
You are resistant to unholy torment.
You are immune to petrification.


Message History

The ice beast is moderately wounded.
The ice beast hits you. The ice beast freezes you. You resist.
The ice beast closely misses you.
You completely miss the ice beast.
The ice beast is moderately wounded.
The ice beast hits you but does no damage.
You slash the ice beast!
The ice beast is severely wounded.
You hit the ogre. You freeze the ogre. The ice beast barely misses you.
The ogre barely misses you.
You slash the ice beast!
The ice beast is almost dead.
You hit the ogre. You freeze the ogre. You slash the iguana!
The iguana seems to slow down.
You freeze the iguana.
The ice beast hits you but does no damage.
The ogre hits you with a +0 giant club! The iguana closely misses you.
The ice beast hits you but does no damage.
You are too injured to fight recklessly!
You are too injured to fight recklessly!
You are too injured to fight recklessly!
You closely miss the ice beast.
The ice beast is almost dead.
You closely miss the ogre. You closely miss the iguana.
The ogre hits you with a +0 giant club.
The iguana bites you but does no damage.
The ice beast hits you but does no damage.
You slash the ice beast!
You kill the ice beast!
You barely miss the ogre. You hit the iguana but do no damage.
The iguana is no longer moving slowly.
The ogre hits you but does no damage.
The iguana bites you but does no damage.
The iguana closely misses you.
You closely miss the iguana.
The iguana is severely wounded.
You barely miss the ogre. The ogre hits you with a +0 giant club.
The iguana bites you!
* * * LOW HITPOINT WARNING * * *
The iguana barely misses you. The ogre hits you with a +0 giant club!
You die...

...........
######......##.#
................
.###......####.
##.....# .
#.....# ..
#.....#.#
###..Ol...###
#....@.......
#.###<...####
#######.# #..###
#.......# ...#
##.....### ..##
#...<..# .#..
.....###### .###
.### ..


You could see an ogre and an iguana.

Vanquished Creatures
  2 ice beasts
  A scorpion (D:5)
  2 centaur zombies (D:5)
  A bullfrog zombie (D:5)
  A jelly (D:6)
  2 orc priests (D:3)
  An iguana (D:2)
  2 scorpion zombies
  A killer bee zombie (D:5)
  11 adders
  An adder skeleton (D:4)
  An adder zombie (D:5)
  4 worms
  3 orcs
  7 bats
  7 endoplasms
  7 giant cockroaches
  7 goblins
  12 hobgoblins
  7 jackals
  3 kobolds
  3 quokkas
  3 ball pythons
  4 frilled lizards
  8 rats
101 creatures vanquished.

Vanquished Creatures (collateral kills)
  An orc (D:3)
  A jackal (D:1)
2 creatures vanquished.

Vanquished Creatures (others)
  A hobgoblin (D:1)
  3 jackals (D:1)
4 creatures vanquished.

Grand Total: 107 creatures vanquished

Notes
Turn   | Place    | Note
-------+----------+-------------------------------------------
     0 | D:1      | ragingrage the Gargoyle Artificer began the quest for the
                  | Orb.
     0 | D:1      | Reached XP level 1. HP: 12/12 MP: 1/1
   245 | D:1      | Reached XP level 2. HP: 16/17 MP: 2/2
   824 | D:1      | Reached XP level 3. HP: 21/21 MP: 3/3
  1610 | D:2      | Reached XP level 4. HP: 28/28 MP: 4/4
  1788 | D:2      | Found a faded altar of an unknown god.
  2173 | D:2      | Reached XP level 5. HP: 32/32 MP: 5/5
  2244 | D:2      | Identified the +11 dagger "Pamm" {speed, rF- Str+3 Int+3}
  2651 | D:3      | Found a broken altar of Ashenzari.
  3182 | D:3      | Reached skill level 1 in Axes
  3555 | D:3      | Reached XP level 6. HP: 3/39 MP: 6/6
  4038 | D:4      | Reached skill level 2 in Axes
  4307 | D:4      | Found a staircase to the Ecumenical Temple.
  4331 | Temple   | Entered the Ecumenical Temple
  4745 | D:4      | Found Widdupox's Assorted Antiques.
  5059 | D:5      | Entered Level 5 of the Dungeon
  5118 | D:5      | Noticed an ice beast
  5119 | D:5      | Reached skill level 3 in Axes
  5119 | D:5      | Found a shadowy altar of Dithmenos.
  5136 | D:6      | Found Baakkir's General Store.
  5142 | D:6      | Reached XP level 7. HP: 22/44 MP: 7/7
  5277 | D:5      | Reached skill level 4 in Axes
  5846 | D:4      | Bought a fine broad axe for 225 gold pieces
  5846 | D:4      | Identified the +2 broad axe of Division {freeze, Fragile
                  | rN+++ Dex+4 SInv} (You bought it in a shop on level 4 of
                  | the Dungeon)
  6157 | D:5      | Reached skill level 5 in Axes
  6313 | D:6      | Slain by an ogre

Illustrated notes

Levels and vault maps discovered:
D:1:      amcnicky_arrival_underground_garden, layout_rooms
D:2:      layout_rooms, dreamdust_ecumenical_altar_angels_and_demons,
          kennysheep_cluttered_room, bh_walls_and_bars
D:3:      layout_basic, overflow_temple_1_default
D:4:      layout_basic, minmay_temple_entry_drinking_statues, serial_shops,
          nicolae_shop_behind_doors, minmay_manual_maat
D:5:      layout_loops_corners, nicolae_dithmenos_the_darkroom
D:6:      layout_rooms, serial_shops, nicolae_stop_n_shop_2
Temple:   minmay_temple_curvy_branch

Skill      XL: |  1  2  3  4  5  6  7 |
---------------+----------------------+-----
Evocations     | 3 4 |  4.1
Fighting       | 2 3 4 |  4.9
Axes           | 1 3 5 |  5.4
Armour         | |  2.1
Dodging        | |  0.7
Stealth        | |  1.1

Action                   |  1- 3 |  4- 6 |  7- 9 || total
-------------------------+-------+-------+-------++-------
Melee: Club              |   160 |       |       ||   160
       Hand axe          |    23 |    67 |       ||    90
       Dagger            |       |   112 |    22 ||   134
       Broad axe         |       |       |    16 ||    16
Throw: Dart              |       |    13 |       ||    13
Evoke: Wand              |     8 |     3 |       ||    11
 Stab: Sleeping          |       |     2 |       ||     2
Armor: Leather armour    |   150 |    57 |       ||   207
       Ice dragon scales |       |       |    27 ||    27
Dodge: Dodged            |   181 |    78 |    23 ||   282

Table legend: (Time is in decaauts)
 A = Elapsed time spent in this place.
 B = Non-inter-level travel time spent in this place.
 C = Inter-level travel time spent in this place.
 D = Time resting spent in this place.
 E = Time spent auto-exploring this place.
 F = Levels seen in this place.
 G = Mean time per level.
                   A        B        C        D        E       F      G
               +--------+--------+--------+--------+--------+-----+--------+
         Total |   6351 |   5961 |    390 |   1274 |   3656 |   7 |  907.3 |
       Dungeon |   6025 |   5695 |    330 |   1274 |   3391 |   6 | 1004.2 |
        Temple |    325 |    265 |     60 |      0 |    265 |   1 |  325.0 |
               +--------+--------+--------+--------+--------+-----+--------+

Top non-repeatable levels by time:
     D:1: 1559 daAuts
     D:3: 1291 daAuts
     D:2: 1164 daAuts
     D:5: 1015 daAuts
     D:4: 830 daAuts
  Temple: 325 daAuts
     D:6: 164 daAuts
